 Dungeon Crawl Stone Soup version 0.29.0-10-g45618ea6d2 (webtiles) character file.

Game seed: 8743225016593835481

1654 Flugkiller the Cleaver (level 8, 0/73 HPs)
             Began as a Minotaur Fighter on Sept 1, 2022.
             Slain by a gnoll
             ... wielding a +0 halberd
              (10 damage)
             ... on level 6 of the Dungeon.
             The game lasted 00:02:08 (4227 turns).

Flugkiller the Cleaver (Minotaur Fighter)           Turns: 4227, Time: 00:02:08

Health: 0/73       AC: 10    Str: 21    XL:     8   Next: 68%
Magic:  7/7        EV:  6    Int:  5    God:
Gold:   323        SH:  4    Dex: 12    Spells: 7/7 levels left

rFire   . . .      SeeInvis +   C - +3 war axe
rCold   . . .      Faith    .   c - +0 buckler
rNeg    . . .      Spirit   .   e - +0 plate armour
rPois   .          Reflect  .   (helmet restricted)
rElec   .          Harm     .   (no cloak)
rCorr   .          Rampage  .   (no gloves)
Will    +....                   y - +0 pair of boots
Stlth   ..........              (no amulet)
HPRegen 0.22/turn               m - ring of willpower
MPRegen 0.10/turn               (no ring)

@: brilliant, lethally poisoned (0 -> -14), corroded, attractive
A: horns 2, retaliatory headbutt, see invisible
a: no special abilities


You were on level 6 of the Dungeon.
You visited 1 branch of the dungeon, and saw 6 of its levels.
You also visited: Ossuary.

You collected 323 gold pieces.

Inventory:

Hand Weapons
 a - a +0 war axe
 C - a +3 war axe (weapon)
   (You took it off a wight on level 5 of the Dungeon)
Missiles
 p - 12 boomerangs (quivered)
Armour
 b - a +0 scale mail
 c - a +0 buckler (worn)
 e - a +0 plate armour (worn)
   (You found it on level 1 of the Dungeon)
 y - a +0 pair of boots (worn)
   (You found it on level 3 of the Dungeon)
Jewellery
 k - a ring of resist corrosion
   (You found it on level 2 of the Dungeon)
 m - a ring of willpower (left hand)
   (You found it on level 1 of the Dungeon)
 v - a ring of willpower
   (You found it on level 2 of the Dungeon)
Scrolls
 f - 3 scrolls of identify {unknown}
 g - a scroll of summoning {unknown}
 i - a scroll of silence {unknown}
 l - a scroll of immolation {unknown}
 s - a scroll of blinking {unknown}
 u - 2 scrolls of noise {unknown}
 x - a scroll of enchant armour {unknown}
 A - 2 scrolls of fear {unknown}
 B - 2 scrolls of acquirement {unknown}
 E - a scroll of teleportation {unknown}
 G - a scroll of amnesia {unknown}
 I - a scroll of enchant weapon {unknown}
Potions
 d - 3 potions of might
 h - 5 potions of curing {unknown}
 j - 2 potions of flight {unknown}
 n - 4 potions of attraction
 o - 3 potions of mutation
 q - 2 potions of ambrosia {unknown}
 r - a potion of haste {unknown}
 t - 2 potions of lignification {unknown}
 w - 2 potions of heal wounds
 z - 3 potions of brilliance
 D - a potion of berserk rage {unknown}
 F - a potion of cancellation {unknown}
 H - 2 potions of invisibility {unknown}


   Skills:
 + Level 7.5 Fighting
 * Level 9.7 Axes
 + Level 7.5 Armour
 - Level 3.6 Shields


You had 7 spell levels left.
You didn't know any spells.
Your spell library was empty.

Dungeon Overview and Level Annotations

Branches:
Dungeon (6/15)            Ossuary (visited)
 Temple: D:4-7

Altars:
Ashenzari
Dithmenos
Trog


Innate Abilities, Weirdness & Mutations

You have a pair of horns on your head.
You reflexively headbutt those who attack you in melee.
You have supernaturally acute eyesight. (SInv)


Message History

An orc comes into view. It is wielding a +0 dagger.
The gnoll hits you but does no damage. The gnoll hits you with a +0 flail.
The orc shouts!
You hit the gnoll.
You kill the gnoll!
You block the gnoll's attack. The gnoll barely misses you.
An orc warrior comes into view.
It is wielding a +1 short sword of holy wrath.
You slash the jelly! The acid corrodes you!
Your hands burn!
The jelly is almost dead.
A water moccasin comes into view.
The gnoll closely misses you.
The gnoll hits you from afar with a +0 halberd.
The jelly hits you but does no damage.
The water moccasin hisses angrily.
You slash the jelly!
You kill the jelly!
You block the gnoll's attack.
An orc wizard comes into view. It is wielding a +0 dagger.
The gnoll barely misses you.
The orc wizard shouts!
You hit the gnoll but do no damage. Your headbutt misses the gnoll.
You block the gnoll's attack.
The gnoll hits you from afar with a +0 spear.
The gnoll hits you but does no damage.
You closely miss the gnoll. Your headbutt misses the gnoll.
The gnoll hits you from afar with a +0 spear.
The gnoll hits you with a +0 whip. The gnoll barely misses you.
The gnoll hits you with a +0 whip. The gnoll closely misses you.
The gnoll hits you but does no damage.
You barely miss the water moccasin. You closely miss the gnoll.
The water moccasin bites you!
You are poisoned.
The water moccasin poisons you!
An orc wizard comes into view. It is wielding a +0 dagger.
The gnoll hits you from afar with a +0 halberd!
The gnoll hits you from afar with a +0 spear.
An orc comes into view. It is wielding a +0 short sword.
The gnoll hits you with a +0 whip!
You are too injured to fight recklessly!
The water moccasin attacks as you move away!
The water moccasin bites you.
You feel very sick.
The water moccasin bites you but does no damage.
The water moccasin attacks as you move away!
The water moccasin bites you but does no damage.
You feel very sick.
Okay, then.
It was a potion of attraction.
You feel attractive to monsters.
You feel sick.
The water moccasin bites you but does no damage.
You block the water moccasin's attack. The gnoll is attracted toward you. x2
It was a potion of mutation.
You feel extremely strange.
Your vision sharpens.
You feel sick. The water moccasin bites you.
* * * LOW HITPOINT WARNING * * *
The gnoll hits you with a +0 whip.
* * * LOW HITPOINT WARNING * * *
The gnoll hits you but does no damage.
It was a potion of brilliance.
You feel clever all of a sudden.
You feel sick. The water moccasin bites you.
* * * LOW HITPOINT WARNING * * *
You are lethally poisoned!
The water moccasin poisons you! You block the gnoll's attack.
The gnoll hits you but does no damage.
It was a potion of heal wounds.
You feel much better.
w - 2 potions of heal wounds;
A - 2 scrolls labelled ZUORACWA FAUL You feel very sick.
The water moccasin bites you but does no damage. x2
The gnoll barely misses you. x2; You furiously retaliate!
You headbutt the gnoll!
Okay, then.
You hit the gnoll but do no damage. You headbutt the gnoll.
You kill the gnoll!
You hit the water moccasin.
You feel very sick.
The water moccasin bites you but does no damage.
You block the gnoll's attack. The water moccasin bites you.
You are too injured to fight recklessly!
You are too injured to fight recklessly!
You slash the water moccasin!
Your headbutt misses the water moccasin.
The water moccasin is severely wounded.
You feel sick.
You hear a howl!
The water moccasin bites you.
* * * LOW HITPOINT WARNING * * *
You are more poisoned.
The water moccasin poisons you!
The gnoll hits you from afar with a +0 halberd!
* * * LOW HITPOINT WARNING * * *
You hit the water moccasin.
Your headbutt misses the water moccasin.
The water moccasin is almost dead.
* * * LOW HITPOINT WARNING * * *
You feel very sick. You block the water moccasin's attack.
The gnoll hits you from afar with a +0 halberd!
You die...

#....###....#
..........##.††##y##...#
..........##....###....#
#.........##...........#
..........###.........##
#o....o...####.......##
.o.o... #..####.####
#ogg###..####.#
..####.#@........#
#.....gS)#.#######
...>...g..#.#
...<......#.#
###.......#.#
#.........####
#...........>#
##.####..###.# #
#.......# # ..


You could see a water moccasin and 2 gnolls.

Vanquished Creatures
  A wyvern (D:5)
  An ice beast (D:6)
  A black bear (D:6)
  A kobold brigand (D:5)
  4 elf zombies (Ossuary)
  2 bullfrogs (D:6)
  2 scorpions
  A wight (D:5)
  3 centaur zombies (Ossuary)
  4 hounds
  5 human zombies (Ossuary)
  3 jellies
  An iguana (D:5)
  4 mummies
  Robin (D:4)
  2 gnolls (D:6)
  5 adders
  A white imp (D:6)
  An ufetubus (D:5)
  2 worms
  4 dart slugs
  2 orcs (D:3)
  5 ball pythons
  5 endoplasms
  A giant cockroach (D:1)
  9 goblins
  10 hobgoblins
  10 kobolds
  3 quokkas (D:1)
  4 bats
  A frilled lizard (D:2)
  2 hobgoblin zombies (D:4)
  A kobold zombie (D:4)
  An orc zombie (D:4)
  16 rats
119 creatures vanquished.

Notes
Turn   | Place    | Note
-------+----------+-------------------------------------------
     0 | D:1      | Flugkiller the Minotaur Fighter began the quest for the
                  | Orb.
     0 | D:1      | Reached XP level 1. HP: 19/19 MP: 0/0
    19 | D:1      | Found a faded altar of an unknown god.
   304 | D:1      | Reached skill level 3 in Axes
   304 | D:1      | Reached XP level 2. HP: 26/27 MP: 1/1
   935 | D:2      | Reached XP level 3. HP: 33/33 MP: 2/2
  1302 | D:2      | Reached skill level 4 in Axes
  1520 | D:3      | Reached XP level 4. HP: 34/41 MP: 3/3
  2193 | D:4      | Noticed a scorpion
  2199 | D:4      | Killed a scorpion
  2200 | D:4      | Reached XP level 5. HP: 46/47 MP: 4/4
  2203 | D:4      | Noticed Robin
  2207 | D:4      | Reached skill level 5 in Axes
  2216 | D:4      | Killed Robin
  2381 | D:4      | Reached skill level 5 in Fighting
  2463 | D:4      | Reached skill level 5 in Armour
  3029 | D:5      | Entered Level 5 of the Dungeon
  3032 | D:5      | Reached XP level 6. HP: 56/56 MP: 5/5
  3108 | D:5      | Noticed a wyvern
  3115 | D:5      | Killed a wyvern
  3116 | D:5      | Reached skill level 6 in Axes
  3212 | D:5      | Reached XP level 7. HP: 62/62 MP: 6/6
  3231 | D:5      | Reached skill level 7 in Axes
  3538 | D:5      | Found a shadowy altar of Dithmenos.
  3550 | D:5      | Found a broken altar of Ashenzari.
  3690 | D:6      | Found a sand-covered staircase.
  3699 | Ossuary  | Entered an ossuary
  3718 | Ossuary  | Reached skill level 8 in Axes
  3729 | Ossuary  | Reached XP level 8. HP: 56/71 MP: 7/7
  4021 | Ossuary  | Reached skill level 9 in Axes
  4182 | D:6      | Noticed a moth of wrath
  4185 | D:6      | Found a bloodstained altar of Trog.
  4222 | D:6      | Gained mutation: You have supernaturally acute eyesight.
                  | (SInv) [potion of mutation]
  4227 | D:6      | Slain by a gnoll

Illustrated notes

Levels and vault maps discovered:
D:1:      dpeg_arrival_ratfight, layout_basic,
          hellmonk_ecumenical_altar_crossroads
D:2:      layout_rooms
D:3:      wander_river, layout_basic
D:4:      layout_basic, minmay_mini_ossuary, uniq_robin
D:5:      layout_rooms, amethyst_overflow_temple_binary, kennysheep_small_circle
D:6:      layout_rooms, tgw_trog, chequers_ossuary_entry_cave

Skill      XL: |  1  2  3  4  5  6  7  8 |
---------------+-------------------------+-----
Axes           | 3 4 5 6 8 9 |  9.7
Armour         | 4 5 6 7 |  7.5
Fighting       | 4 5 6 7 |  7.5
Shields        | |  3.6

Action                   |  1- 3 |  4- 6 |  7- 9 || total
-------------------------+-------+-------+-------++-------
Melee: War axe           |    82 |    95 |   117 ||   294
       Headbutt          |    10 |    13 |    20 ||    43
  Use: Potion            |       |       |     4 ||     4
Armor: Plate armour      |    54 |    67 |   130 ||   251
       Scale mail        |     2 |       |       ||     2
Dodge: Dodged            |    17 |    34 |    56 ||   107
Block: Buckler           |    14 |    20 |    41 ||    75
